 Dungeon Crawl Stone Soup version 0.21-a0-153-g78480df (webtiles) character file.

21 tilp the Firebug (level 2, 0/20 HPs)
             Began as a Hill Orc Fire Elementalist on July 31, 2017.
             Succumbed to an adder's poison
             ... on level 1 of the Dungeon.
             The game lasted 00:02:40 (903 turns).

tilp the Firebug (Hill Orc Fire Elementalist)        Turns: 903, Time: 00:02:41

Health: 0/20       AC:  4    Str: 10    XL:     2   Next: 87%
Magic:  1/5        EV: 12    Int: 15    God:
Gold:   36         SH:  0    Dex: 11    Spells: 4/5 levels left

rFire    . . .     SeeInvis .   e - +0 short sword
rCold    . . .     Gourm    .   (no shield)
rNeg     . . .     Faith    .   a - +0 robe
rPois    .         Spirit   .   (no helmet)
rElec    .         Reflect  .   (no cloak)
rCorr    .         Harm     .   (no gloves)
MR       .....                  f - +1 pair of boots
Stlth    ++........             (no amulet)
HPRegen  0.06/turn              (no ring)
MPRegen  0.09/turn              (no ring)

@: lethally poisoned (0 -> -9), flying, very slightly contaminated
A: no striking features
a: no special abilities


You were on level 1 of the Dungeon.
You were not hungry.

You visited 1 branch of the dungeon, and saw 2 of its levels.

You collected 36 gold pieces.

Inventory:

Hand Weapons
 e - a +0 short sword (weapon)
Armour
 a - a +0 robe (worn)
 f - a +1 pair of boots (worn)
Scrolls
 g - a scroll of identify {unknown}
Books
 b - a book of Flames

   Spells                             Type                      Level
   a - Flame Tongue                   Conjuration/Fire             1
   b - Throw Flame                    Conjuration/Fire             2
   c - Conjure Flame                  Conjuration/Fire             3
   d - Inner Flame                    Hexes/Fire                   3
   e - Sticky Flame                   Conjuration/Fire             4
   f - Fireball                       Conjuration/Fire             5
Comestibles
 c - a bread ration
 h - a chunk of flesh
 i - a meat ration


   Skills:
 - Level 1.5 Dodging
 - Level 1.5 Stealth
 - Level 2.0 Spellcasting
 + Level 2.2 Conjurations
 - Level 3.2 Fire Magic


You had 4 spell levels left.
You knew the following spells:

 Your Spells              Type           Power        Failure   Level  Hunger
a - Flame Tongue          Conj/Fire      #....        7%          1    #......


Dungeon Overview and Level Annotations

Branches:
Dungeon (2/15)

Altars:

Annotations:
D:1 1 runed door
D:2 Terence


Message History

The adder barely misses you. The adder bites you.
* * * LOW HITPOINT WARNING * * *
It was a potion of flight.
You feel very buoyant.
You fly up into the air.
* * * LOW HITPOINT WARNING * * *
You feel sick. The adder closely misses you.
There is a stone staircase leading up here.
* * * LOW HITPOINT WARNING * * *
You feel sick. The adder bites you.
* * * LOW HITPOINT WARNING * * *
You are more poisoned.
The adder poisons you! The adder barely misses you.
You fly upwards.
Level annotation: 1 runed door The jackal barks!
There is a stone staircase leading down here.
You closely miss the adder.
The adder is lightly wounded.
You die...

..# #..###############...#.....
### #..#...........r.#..>#....#
#######..#.hw.......hsr#........#
......#..#.hrs...shssh.#....##.##
......'..#######+#######........#
......#..#.............#..#.##..#
......#..+⌠....###....⌠'........#
#'#####..#......<......#........#
#.# #..#..⌠...@S..⌠..#........#
#.#####..###+#######'###....#####
#.....#.....................#####
#####.#...........#######.......#
# #........####.## ####...#...# #
#..#.#.#.####..# #......#...# #
#...#.)#....##.###...##.#...#
#..###.....)'...........#...#
#..##..#....###.##.####(....#


You could see a worm, an adder, 2 jackals, a giant cockroach and a rat.

Vanquished Creatures
  An ooze (D:1)
  A dart slug (D:1)
  A giant cockroach (D:1)
  A goblin (D:1)
  A hobgoblin (D:1)
  A kobold (D:1)
  4 bats (D:1)
  3 frilled lizards
  2 rats (D:1)
15 creatures vanquished.

Notes
Turn   | Place    | Note
-------+----------+-------------------------------------------
     0 | D:1      | tilp the Hill Orc Fire Elementalist began the quest for the Orb.
     0 | D:1      | Reached XP level 1. HP: 14/14 MP: 3/3
     1 | D:1      | Found a runed door.
   315 | D:1      | Reached XP level 2. HP: 18/20 MP: 1/5
   848 | D:2      | Noticed Terence
   901 | D:2      | HP: 1/20 [adder (1)]
   903 | D:1      | Succumbed to an adder's poison

Vault maps used:
D:1:      dpeg_arrival_caged_fury, minmay_misc_feat_square
D:2:      old_standard_altar, uniq_sigmund, uniq_terence

Skill      XL: |  1  2 |
---------------+-------+-----
Spellcasting   | 2 |  2.0
Conjurations   | 2 |  2.2
Dodging        | |  1.5
Stealth        | |  1.5
Fire Magic     | |  3.2

Action                   || total
-------------------------++-------
Melee: Short sword       ||    23
 Cast: Flame Tongue      ||    17
  Use: Potion            ||     1
Armor: Robe              ||    14
Dodge: Dodged            ||    21
